 Dungeon Crawl Stone Soup version 0.25.0-11-g1f837a76a1 (webtiles) character file.

Game seed: 15944211712919785787

92 Delamore the Skirmisher (level 4, -3/30 HPs)
             Began as a Gargoyle Fighter on June 27, 2020.
             Slain by a shadow imp (4 damage)
             ... summoned by Natasha
             ... on level 3 of the Dungeon.
             The game lasted 00:01:52 (1341 turns).

Delamore the Skirmisher (Gargoyle Fighter)          Turns: 1341, Time: 00:01:53

Health: -3/30      AC: 11    Str: 20    XL:     4   Next: 60%
Magic:  4/4        EV:  7    Int:  9    God:
Gold:   95         SH:  9    Dex:  9    Spells: 3/3 levels left

rFire    . . .     SeeInvis .   a - +0 flail
rCold    . . .     Gourm    .   c - +0 kite shield
rNeg     + . .     Faith    .   b - +0 scale mail
rPois    ∞         Spirit   .   (no helmet)
rElec    +         Reflect  .   l - +0 cloak
rCorr    .         Harm     .   (no gloves)
MR       .....                  (no boots)
Stlth    ..........             (no amulet)
HPRegen  0.10/turn              (no ring)
MPRegen  0.09/turn              (no ring)

@: hasted, very quick
A: negative energy resistance 1, electricity resistance, unbreathing,
petrification resistance, rot immunity, AC +3
a: no special abilities


You were on level 3 of the Dungeon.
You were hungry.

You visited 1 branch of the dungeon, and saw 3 of its levels.

You collected 95 gold pieces.

Inventory:

Hand Weapons
 a - a +0 flail (weapon)
Armour
 b - a +0 scale mail (worn)
 c - a +0 kite shield (worn)
 l - a +0 cloak (worn)
Wands
 o - a wand of random effects (11)
Scrolls
 e - 3 scrolls of identify {unknown}
 i - 2 scrolls of remove curse {unknown}
 j - a scroll of blinking {unknown}
 m - a scroll of fear {unknown}
Potions
 d - a potion of might
 k - a potion of stabbing {unknown}
Comestibles
 f - 5 rations
 g - 3 chunks of flesh


   Skills:
 + Level 4.7 Fighting
 + Level 3.5 Maces & Flails
 - Level 3.2 Armour
 - Level 3.2 Shields


You had 3 spell levels left.
You didn't know any spells.
Your spell library was empty.

Dungeon Overview and Level Annotations

Branches:
Dungeon (3/15)

Altars:

Annotations:
D:3 Natasha


Innate Abilities, Weirdness & Mutations

You are resistant to torment.
Your stone body is resilient. (AC +3)
You are immune to poison.
You resist negative energy. (rN+)
You are resistant to electric shocks. (rElec)
You can survive without breathing.
You are immune to petrification.
You are immune to rotting.


Message History

You closely miss the ball python.
Natasha mumbles some strange words.
The ball python bites you but does no damage.
You block the ball python's attack.
You hit the ball python.
The ball python is severely wounded.
You block the ball python's attack. x2
You sock the ball python!
You kill the ball python!
Natasha stares at you and mumbles some strange words.
The magic dart hits you.
* * * LOW HITPOINT WARNING * * *
The shadow imp gestures at you. Pain shoots through your body!
* * * LOW HITPOINT WARNING * * *
You see here 21 sling bullets.
You barely miss Natasha. Natasha claws you.
* * * LOW HITPOINT WARNING * * *
The shadow imp hits you.
You die...

#.############## #.#
#.# #.# #.# #### #.#
#######.... #.######
#5......#
#......###5....###
######...@h5.#...#...
#######.........
#...####..... .......
... ....... . ....!..
...?.). .......
[.##...


You could see Natasha, 2 white imps and a shadow imp (summoned).

Vanquished Creatures
  Terence (D:2)
  3 adders
  A leopard gecko (D:1)
  3 orcs (D:3)
  A ball python (D:3)
  5 bats
  3 giant cockroaches
  10 hobgoblins
  4 goblins
  2 kobolds (D:1)
33 creatures vanquished.

Notes
Turn   | Place    | Note
-------+----------+-------------------------------------------
     0 | D:1      | Delamore the Gargoyle Fighter began the quest for the Orb.
     0 | D:1      | Reached XP level 1. HP: 14/14 MP: 1/1
   168 | D:1      | Reached XP level 2. HP: 17/19 MP: 2/2
   465 | D:2      | Reached XP level 3. HP: 22/24 MP: 3/3
   467 | D:2      | Reached skill level 4 in Fighting
   938 | D:2      | Noticed Terence
   951 | D:2      | Killed Terence
   951 | D:2      | Reached XP level 4. HP: 30/30 MP: 4/4
  1280 | D:3      | Noticed Natasha
  1333 | D:3      | HP: 1/30 [Natasha/magic dart (5)]
  1341 | D:3      | HP: 1/30 [Natasha (2)]
  1341 | D:3      | Slain by a shadow imp

Illustrated notes

Levels and vault maps discovered:
D:1:      dpeg_arrival_orchard, layout_rooms
D:2:      layout_basic, first_ration, uniq_terence
D:3:      layout_rooms, marbit_many_paths, portal_sewer_entry_b, uniq_natasha

Skill      XL: |  1  2  3 |
---------------+----------+-----
Fighting       | 4 |  4.7
Maces & Flails | 3 |  3.5
Armour         | |  3.2
Shields        | |  3.2

Action                   |  1- 3 |  4- 6 || total
-------------------------+-------+-------++-------
Melee: Flail             |    85 |    80 ||   165
  Use: Potion            |       |     2 ||     2
  Eat: Chunk             |       |     1 ||     1
Armor: Scale mail        |    51 |    67 ||   118
Dodge: Dodged            |    27 |    35 ||    62
Block: Kite shield       |    45 |    58 ||   103
